 Dungeon Crawl Stone Soup version 0.24-a0-201-gf205589 (console) character file.

Game seed: 15663964167605368306

226 bli the Slasher (level 6, -3/47 HPs)
             Began as a Formicid Abyssal Knight on Mar 20, 2019.
             Was a Believer of Lugonu.
             Slain by a gnoll
             ... wielding a +0 halberd
              (14 damage)
             ... on level 3 of the Dungeon.
             The game lasted 00:08:35 (1912 turns).

bli the Slasher (Formicid Abyssal Knight)           Turns: 1912, Time: 00:08:36

Health: -3/47      AC:  4    Str: 17    XL:     6   Next: 21%
Magic:  7/7        EV: 12    Int: 11    God:    Lugonu [**....]
Gold:   71         SH:  0    Dex: 12    Spells: 5/5 levels left

rFire    . . .     SeeInvis +   f - +0 great sword
rCold    . . .     Gourm    .   (no shield)
rNeg     . . .     Faith    .   g - +0 troll leather armour
rPois    .         Spirit   .   (helmet unavailable)
rElec    .         Reflect  .   (no cloak)
rCorr    .         Harm     .   (no gloves)
MR       .....                  (no boots)
Stlth    ++........             (no amulet)
HPRegen  0.55/turn              w - ring of stealth
MPRegen  0.10/turn              (no ring)

@: no status effects
A: permanent stasis, dig shafts and tunnels, four strong arms, antennae 3
a: Dig, Shaft Self, Depart the Abyss, Bend Space, Renounce Religion


You were on level 3 of the Dungeon.
You worshipped Lugonu.
Lugonu was pleased with you.
You were not hungry.

You visited 1 branch of the dungeon, and saw 4 of its levels.
You visited the Abyss 1 time.

You collected 71 gold pieces.

Inventory:

Hand Weapons
 a - a +1 falchion
 b - a +0 hunting sling
 f - a +0 great sword (weapon)
 y - a +0 long sword
Missiles
 k - 111 stones (quivered)
 q - 4 curare-tipped needles
 t - 17 sling bullets
 v - 14 poisoned needles
Armour
 d - a +0 leather armour
 g - a +0 troll leather armour (worn)
 z - a +3 scale mail
Jewellery
 w - a ring of stealth (left hand)
Scrolls
 e - 2 scrolls of identify {unknown}
 h - a scroll of amnesia {unknown}
 p - 2 scrolls of enchant weapon {unknown}
 r - a scroll of immolation {unknown}
 u - 2 scrolls of remove curse {unknown}
Potions
 i - 2 potions of heal wounds {unknown}
 j - 2 potions of agility {unknown}
 l - 3 potions of might {unknown}
 o - a potion of ambrosia {unknown}
 s - a potion of curing {unknown}
 x - a potion of berserk rage {unknown}
 A - a potion of invisibility {unknown}
Comestibles
 c - 6 rations


   Skills:
 + Level 3.6 Fighting
 + Level 5.1 Long Blades
 - Level 2.1 Armour
 * Level 2.5 Dodging
 + Level 0.8 Stealth
 - Level 2.1 Invocations


You had 5 spell levels left.
You didn't know any spells.
Your spell library was empty.

Dungeon Overview and Level Annotations

Branches:
Dungeon (4/15)
 Temple: D:4-7

Altars:
Nemelex Xobeh

Annotations:
D:3 2 runed translucent doors, nikopol's ghost, amateur DEFE


Innate Abilities, Weirdness & Mutations

You cannot be hasted, slowed, berserked, paralysed or teleported.
You can dig through walls and to a lower floor.
Your four strong arms can wield two-handed weapons with a shield.
You have a pair of large antennae on your head. (SInv)


Message History

The gnoll is heavily wounded.
The gnoll hits you with a +0 flail!
You hit the gnoll.
The gnoll is severely wounded.
The gnoll misses you.
You riposte.
You closely miss the gnoll.
The gnoll is severely wounded.
The gnoll hits you from afar with a +0 halberd!
You hit the gnoll but do no damage.
The gnoll is severely wounded.
The gnoll misses you. x2
You closely miss the gnoll.
The gnoll is severely wounded.
The gnoll closely misses you.
The gnoll hits you from afar with a +0 halberd!
* * * LOW HITPOINT WARNING * * *
You slash the gnoll!
You kill the gnoll!
Lugonu accepts your kill.
The gnoll hits you from afar with a +0 halberd!
You die...

....#............#
#.........#
...##..........#.#
#.###....#
##.##.....)..#.#.#
#.###....#
#.#.........#.#.#
#.#......+
#.#.).......#<#.#
#........#
#.#.........###.#
###.#.....
##.#.............# #.# ...
##.#.........##### #g# .
##.###+#......... #.#
##.รท...#.#############.#
...#####........@)gg...#
##.# #.###############
##.# #.############## ##.#
#..............# ##.#
#.############'######## #
...#
#.#......#..........#8###8
...#
#.#......#.......##8...8..
.).#
#....#+#.........##)......
...# #...##
##........#>....... ...#
#...#{ {#..###'####)......
...#
#..#######.###'####8...8..


You could see 2 gnolls.

Vanquished Creatures
  A hound (D:3)
  An orc wizard (D:3)
  3 gnolls (D:3)
  8 adders
  An ooze (D:3)
  2 worms
  A dart slug (D:2)
  2 leopard geckos
  4 orcs (D:3)
  5 bats
  3 goblins (D:2)
  5 hobgoblins
  3 jackals (D:1)
  9 kobolds
  A quokka (D:3)
  3 ball pythons
  4 frilled lizards
  8 rats
64 creatures vanquished.

Notes
Turn   | Place    | Note
-------+----------+-------------------------------------------
     0 | Abyss:1  | bli the Formicid Abyssal Knight began the quest for the
                  | Orb.
     0 | Abyss:1  | Reached XP level 1. HP: 18/18 MP: 2/2
    30 | Abyss:2  | Found a corrupted altar of Lugonu.
    46 | Abyss:2  | Noticed an ice devil
    72 | Abyss:2  | Noticed a small abomination
    93 | D:1      | Escaped the Abyss
   103 | D:1      | Reached skill level 1 in Dodging
   253 | D:1      | Reached XP level 2. HP: 21/24 MP: 3/3
   375 | D:1      | Reached * piety under Lugonu
   646 | D:2      | Reached skill level 3 in Long Blades
   646 | D:2      | Reached XP level 3. HP: 7/29 MP: 4/4
   758 | D:2      | Reached XP level 4. HP: 35/35 MP: 5/5
  1103 | D:2      | Reached skill level 4 in Long Blades
  1198 | D:3      | Reached ** piety under Lugonu
  1240 | D:3      | Found a runed translucent door.
  1240 | D:3      | Noticed nikopol's ghost (amateur DEFE)
  1280 | D:3      | Found a runed translucent door.
  1329 | D:3      | Reached XP level 5. HP: 15/41 MP: 6/6
  1483 | D:3      | Found a sparkling altar of Nemelex Xobeh.
  1684 | D:3      | Reached XP level 6. HP: 10/47 MP: 7/7
  1803 | D:3      | Reached skill level 5 in Long Blades
  1912 | D:3      | Slain by a gnoll

Levels and vault maps discovered:
D:1:      wander_arrival_fairy_ring, layout_loops_ring
D:2:      layout_rooms
D:3:      layout_basic, nicolae_overflow_hidden_temple, ebering_ghost_sewer_f,
          minmay_divided_ellipse
D:4:      layout_loops_ring, grunt_temple_overflow_open, serial_shops,
          kennysheep_little_box, st_stairs_11, minivault_14, uniq_duvessa,
          uniq_crazy_yiuf_cottage
Abyss:1
Abyss:2

Skill      XL: |  1  2  3  4  5  6 |
---------------+-------------------+-----
Dodging        | 1 2 |  2.5
Long Blades    | 3 4 5 |  5.1
Fighting       | |  3.6
Armour         | |  2.1
Stealth        | |  0.8
Invocations    | |  2.1

Action                   |  1- 3 |  4- 6 || total
-------------------------+-------+-------++-------
Melee: Great sword       |    52 |   127 ||   179
Invok: Depart the Abyss  |     1 |       ||     1
 Abil: Dig               |       |     4 ||     4
 Stab: Sleeping          |       |     3 ||     3
  Eat: Chunk             |       |     4 ||     4
Armor: Troll leather arm |    28 |    43 ||    71
Dodge: Dodged            |    63 |   123 ||   186
       Rpst.: Great sword |    19 |    45 ||    64

Table legend:
 A = Non-vault XP
 B = Vault XP
 C = Vault XP percentage of total XP
 D = Non-vault monster count
 E = Vault monster count
 F = Vault count percentage of total count
                 A         B        C        D         E       F
            +---------+---------+-------+---------+---------+-------
      Total |     200 |     123 |  38.1 |      53 |      11 |  17.2
            +---------+---------+-------+---------+---------+-------
        D:1 |      19 |       0 |   0.0 |      11 |       0 |   0.0
        D:2 |      89 |       0 |   0.0 |      26 |       0 |   0.0
        D:3 |      92 |     123 |  57.2 |      16 |      11 |  40.7
            +---------+---------+-------+---------+---------+-------
